 Dungeon Crawl Stone Soup version 0.23-a0-512-g50a8178 (webtiles) character file.

17962 theanonym the Thaumaturge (level 12, 0/97 HPs)
             Began as a Mummy Necromancer on Dec 4, 2018.
             Was an Elder of Vehumet.
             Slain by an ice devil (10 damage)
             ... on level 1 of the Lair of Beasts.
             The game lasted 00:28:37 (13687 turns).

theanonym the Thaumaturge (Mummy Necromancer)      Turns: 13687, Time: 00:28:38

Health: 0/97       AC: 12    Str: 11    XL:     12   Next: 23%
Magic:  35/35      EV: 12    Int: 19    God:    Vehumet [****..]
Gold:   606        SH:  5    Dex: 13    Spells: 15/31 levels left

rFire    x . .     SeeInvis .   h - +0 morningstar (flame)
rCold    + . .     Gourm    .   u - +0 buckler
rNeg     + + +     Faith    .   b - +0 ring mail
rPois    ∞         Spirit   .   (no helmet)
rElec    .         Reflect  .   j - +2 cloak
rCorr    .         Harm     .   c - +0 pair of gloves
MR       ++...                  v - +0 pair of boots
Stlth    +.........             m - amulet of regeneration
HPRegen  0.66/turn              s - ring of magical power
MPRegen  0.24/turn              i - ring of protection from magic

@: no status effects
A: no food or potions, fire vulnerability, cold resistance 1, negative energy
resistance 3, torment resistance, unbreathing
a: Renounce Religion


Innate Abilities, Weirdness & Mutations

You do not eat or drink.
Your flesh is vulnerable to fire.
You are immune to poison.
Your flesh is cold resistant. (rC+)
You are immune to negative energy. (rN+++)
You are immune to unholy pain and torment.
You can survive without breathing.


   Skills:
 + Level 10.0 Fighting
 - Level 7.0 Armour
 - Level 5.0 Dodging
 - Level 1.5 Stealth
 - Level 4.0 Shields
 - Level 10.0 Spellcasting
 + Level 7.2 Conjurations
 - Level 5.0 Necromancy
 * Level 3.3 Ice Magic
 * Level 3.4 Air Magic


You had 15 spell levels left.
You knew the following spells:

 Your Spells              Type           Power        Failure   Level  Hunger
a - Pain                  Necr           ####         1%          1    N/A
b - Searing Ray           Conj           #####.       1%          2    N/A
c - Vampiric Draining     Necr           ####......   6%          3    N/A
e - Animate Dead          Necr           N/A          21%         4    N/A
f - Freezing Cloud        Conj/Ice/Air   ####......   63%         6    N/A

Your spell library contained the following spells:

 Spells                   Type           Power        Failure   Level  Hunger
 Animate Skeleton         Necr           N/A          1%          1    N/A
 Regeneration             Chrm/Necr      Unusable     N/A         3    N/A

Skill      XL: |  1  2  3  4  5  6  7  8  9 10 11 12 |
---------------+-------------------------------------+-----
Spellcasting   | 3 4 5 7 9 10 | 10.0
Armour         | 1 2 3 5 6 7 |  7.0
Necromancy     | 5 |  5.0
Fighting       | 1 4 6 7 9 10 | 10.0
Dodging        | 2 4 5 |  5.0
Conjurations   | 2 4 6 7 |  7.2
Shields        | 2 4 |  4.0
Ice Magic      | 2 3 |  3.3
Air Magic      | 2 3 |  3.4
Stealth        | |  1.5

Action                   |  1- 3 |  4- 6 |  7- 9 | 10-12 || total
-------------------------+-------+-------+-------+-------++-------
Melee: Mace              |    10 |       |       |       ||    10
       Dagger            |    16 |     4 |   119 |   155 ||   294
       Quarterstaff      |       |    53 |   152 |       ||   205
       Broad axe         |       |       |    19 |       ||    19
       War axe           |       |       |       |   459 ||   459
       Morningstar       |       |       |       |     9 ||     9
Throw: Throwing net      |       |       |     1 |     2 ||     3
 Cast: Pain              |    68 |   114 |   122 |   136 ||   440
       Animate Dead      |       |     9 |    25 |    44 ||    78
       Vampiric Draining |       |       |     6 |    61 ||    67
Evoke: Wand              |       |       |     8 |    19 ||    27
  Use: Scroll            |       |     9 |     8 |     9 ||    26
 Stab: Sleeping          |       |     3 |       |       ||     3
       Distracted        |       |       |     1 |       ||     1
       Confused          |       |       |     2 |       ||     2
Armor: Robe              |     4 |    14 |       |       ||    18
       Ring mail         |       |    16 |   216 |   502 ||   734
Dodge: Dodged            |    29 |    64 |   246 |   666 ||  1005
Block: Buckler           |       |       |    35 |   282 ||   317

Inventory:

Hand Weapons
 a - a +4 vampiric dagger
   (You took it off a kobold on level 1 of the Dungeon)
 h - a +0 morningstar of flaming (weapon)
   (You found it on level 9 of the Dungeon)
 k - a +4 quarterstaff of chaos
   (You took it off Crazy Yiuf on level 2 of the Dungeon)
 l - a +3 vampiric war axe
   (You took it off an orc warrior on level 1 of the Orcish Mines)
 p - a +2 dagger of chaos
   (You took it off Psyche on level 11 of the Dungeon)
 q - a +0 broad axe of chopping
   (You found it on level 6 of the Dungeon)
Armour
 b - a +0 ring mail (worn)
   (You found it on level 1 of the Dungeon)
 c - a +0 pair of gloves (worn)
   (You found it on level 4 of the Dungeon)
 j - a +2 cloak (worn)
   (You found it on level 2 of the Dungeon)
 u - a +0 buckler (worn)
   (You bought it in a shop on level 8 of the Dungeon)
 v - a +0 pair of boots (worn)
   (You bought it in a shop on level 8 of the Dungeon)
Jewellery
 i - a ring of protection from magic (right hand)
   (You found it on level 9 of the Dungeon)
 m - an amulet of regeneration (around neck)
   (You found it on level 6 of the Dungeon)
 s - a ring of magical power (left hand)
   (You found it on level 6 of the Dungeon)
Wands
 d - a wand of flame (6)
   (You found it on level 4 of the Dungeon)
 f - a wand of random effects (2)
   (You found it on level 8 of the Dungeon)
 o - a wand of iceblast (2)
   (You found it on level 10 of the Dungeon)
Scrolls
 e - a scroll of immolation
 g - a scroll of amnesia
 n - 6 scrolls of remove curse
 r - 3 scrolls of identify
 y - a scroll of magic mapping
 B - a scroll of blinking


You were on level 1 of the Lair of Beasts.
You worshipped Vehumet.
Vehumet was greatly pleased with you.
You were not hungry.

You visited 4 branches of the dungeon, and saw 15 of its levels.

You collected 722 gold pieces.
You spent 116 gold pieces at shops.

Dungeon Overview and Level Annotations

Branches:
Dungeon (11/15)            Temple (1/1) D:4            Lair (1/6) D:11
    Orc (2/2) D:9
    Elf: Orc:2

Altars:
Ashenzari
Cheibriados
Dithmenos
Fedhas
Gozag
Hepliaklqana
Kikubaaqudgha
Makhleb
Nemelex Xobeh
Okawaru
Qazlal
Ru
Sif Muna
Trog
Uskayaw
Vehumet
Wu Jian
Xom
Yredelemnul
Zin
The Shining One

Shops:
D:8 [

Portals:
Ice
Cave: Lair:1

Annotations:
D:9 3 runed doors, kirsanium's ghost, journeyman FoAK

#..........#.......## *.
##..*#...............######.
**#...###.....#######...#.#...
*.#........#### ####.#....
*#.........#### ***####.....#
****#.^..........###*,...##......
*,,,...........#.'.##....###.....
,***...........#4#.4....∩# #.....
**,*......Z....#@+.##....# #.....
***,......#####.####*,...# #.....
*,,[.....*,,,### ***#####.....
**,......*,,,* ****** #......
*,....,,*,,,* **,,,,* ###....
*,..,,,,*,,,* *,,,,,**##.....
**#**,,,,,,,* *,,,,,*,#......
*,******* *,,,,,,#...#..# *,,*
*** **,,,.....###..


You could see an ice devil.

Notes
Turn   | Place    | Note
-------+----------+-------------------------------------------
     0 | D:1      | theanonym the Mummy Necromancer began the quest for the
                  | Orb.
     0 | D:1      | Reached XP level 1. HP: 13/13 MP: 4/4
   354 | D:1      | Reached XP level 2. HP: 16/19 MP: 0/5
   357 | D:1      | Reached skill level 3 in Spellcasting
   689 | D:1      | HP: 6/19 [dart slug/slug dart (5)]
  1115 | D:1      | Reached XP level 3. HP: 24/24 MP: 5/7
  1291 | D:2      | Noticed Terence
  1303 | D:2      | Killed Terence
  1303 | D:2      | Reached skill level 1 in Armour
  1368 | D:2      | Learned a level 3 spell: Vampiric Draining
  1377 | D:2      | Found an iron altar of Okawaru.
  1457 | D:2      | HP: 12/24 [worm (7)]
  1740 | D:2      | Reached XP level 4. HP: 18/30 MP: 1/9
  1954 | D:2      | Found a burning altar of Makhleb.
  1960 | D:2      | Reached skill level 5 in Necromancy
  2401 | D:2      | Found a runed door.
  2405 | D:2      | Noticed Crazy Yiuf
  2410 | D:2      | Killed Crazy Yiuf
  2410 | D:2      | Reached skill level 2 in Armour
  2410 | D:2      | Reached skill level 4 in Spellcasting
  2410 | D:2      | Reached XP level 5. HP: 35/35 MP: 4/11
  2859 | D:3      | Learned a level 4 spell: Animate Dead
  2903 | D:3      | Found a faded altar of an unknown god.
  3283 | D:3      | Reached skill level 5 in Spellcasting
  3561 | D:4      | Found a staircase to the Ecumenical Temple.
  3572 | Temple   | Entered the Ecumenical Temple
  3603 | Temple   | Became a worshipper of Vehumet
  3634 | D:4      | HP: 10/35 [orc wizard/puff of flame (13)]
  3636 | D:4      | Reached XP level 6. HP: 12/42 MP: 3/13
  3904 | D:4      | Reached skill level 3 in Armour
  3996 | D:4      | Reached skill level 1 in Fighting
  3996 | D:4      | Reached skill level 2 in Dodging
  4760 | D:5      | Entered Level 5 of the Dungeon
  4815 | D:5      | Found a hide-covered altar of Uskayaw.
  4895 | D:5      | Reached XP level 7. HP: 46/49 MP: 0/14
  4900 | D:5      | Reached skill level 2 in Fighting
  4900 | D:5      | Reached skill level 4 in Armour
  4905 | D:5      | Reached * piety under Vehumet
  4905 | D:5      | Offered knowledge of Freeze by Vehumet.
  5398 | D:5      | Reached skill level 3 in Dodging
  5533 | D:6      | Noticed a two-headed ogre
  5539 | D:6      | Killed a two-headed ogre
  5539 | D:6      | Reached skill level 4 in Fighting
  5539 | D:6      | Reached skill level 5 in Armour
  5539 | D:6      | Reached skill level 4 in Dodging
  5539 | D:6      | Reached XP level 8. HP: 60/60 MP: 15/15
  5568 | D:6      | Reached skill level 6 in Armour
  6293 | D:7      | Reached XP level 9. HP: 61/66 MP: 17/17
  6420 | D:6      | Reached ** piety under Vehumet
  6458 | D:6      | HP: 33/67 [hippogriff (5)]
  6462 | D:6      | Offered knowledge of Searing Ray by Vehumet.
  6462 | D:6      | Reached skill level 5 in Fighting
  6462 | D:6      | Reached skill level 6 in Spellcasting
  6463 | D:6      | HP: 34/68 [wight/+0 long sword (5)]
  6468 | D:6      | Learned a level 2 spell: Searing Ray
  6676 | D:7      | Reached skill level 7 in Armour
  6725 | D:7      | HP: 24/68 [something (32)]
  6925 | D:7      | Found a shattered altar of Ashenzari.
  6932 | D:7      | Found a deep blue altar of Sif Muna.
  6932 | D:7      | Found a hide-covered altar of Uskayaw.
  6933 | D:7      | Found a stormy altar of Qazlal.
  6933 | D:7      | Found an ornate altar of the Wu Jian Council.
  6937 | D:7      | Found a glowing golden altar of the Shining One.
  6992 | D:7      | Reached skill level 1 in Conjurations
  7233 | D:8      | Found Ratogoof's Armour Boutique.
  7244 | D:8      | Bought a +0 buckler for 58 gold pieces
  7285 | D:8      | Reached skill level 5 in Dodging
  7298 | D:8      | HP: 34/68 [something/puff of flame (15)]
  7302 | D:8      | Reached skill level 1 in Shields
  7447 | D:8      | Bought a +0 pair of boots for 58 gold pieces
  7731 | D:8      | Reached skill level 2 in Shields
  7731 | D:8      | Reached skill level 2 in Conjurations
  7888 | D:8      | Found a snail-covered altar of Cheibriados.
  7978 | D:8      | Reached skill level 7 in Spellcasting
  7988 | D:8      | Noticed a torpor snail
  8001 | D:8      | Found a shimmering altar of Xom.
  8001 | D:8      | Found a shimmering altar of Xom.
  8003 | D:8      | Found a shimmering altar of Xom.
  8425 | D:8      | Noticed a guardian serpent
  8433 | D:8      | Noticed a cyclops
  8447 | D:8      | Noticed a guardian serpent
  8447 | D:8      | a hippogriff changed into a guardian serpent
  8451 | D:8      | Noticed a jumping spider
  8737 | D:8      | Noticed a spiny frog
  8744 | D:8      | Noticed a polar bear
  8744 | D:8      | a spiny frog changed into a polar bear
  8794 | D:8      | Noticed a death drake
  8804 | D:8      | Noticed an alligator
  8867 | D:9      | Reached skill level 6 in Fighting
  8891 | D:9      | HP: 25/69 [wyvern (11)]
  8897 | D:9      | Offered knowledge of Throw Frost by Vehumet.
  8897 | D:9      | Reached XP level 10. HP: 33/76 MP: 6/20
  8898 | D:9      | HP: 31/76 [killer bee (7)]
  8908 | D:9      | HP: 36/76 [killer bee (2)]
  8920 | D:8      | HP: 35/76 [killer bee (5)]
  9029 | D:9      | Reached skill level 3 in Shields
  9181 | D:9      | Noticed a two-headed ogre
  9186 | D:9      | Noticed a smoke demon
  9204 | D:9      | Killed a two-headed ogre
  9204 | D:9      | Reached skill level 3 in Conjurations
  9213 | D:9      | Reached *** piety under Vehumet
  9213 | D:9      | Reached skill level 4 in Shields
  9251 | D:9      | Noticed Grum
  9258 | D:9      | Reached skill level 8 in Spellcasting
  9260 | D:9      | HP: 29/77 [Grum/+1 glaive (13)]
  9264 | D:9      | Killed Grum
  9265 | D:9      | HP: 37/77 [wolf[Grum] (4)]
  9419 | D:9      | Found a glowing silver altar of Zin.
  9419 | D:9      | Noticed a cyclops
  9439 | D:9      | Killed a cyclops
  9439 | D:9      | Reached skill level 7 in Fighting
  9831 | D:9      | Offered knowledge of Airstrike by Vehumet.
  9980 | D:9      | Noticed Erolcha
 10052 | D:9      | Killed Erolcha
 10052 | D:9      | Reached skill level 9 in Spellcasting
 10052 | D:9      | Reached skill level 4 in Conjurations
 10179 | D:9      | Found a runed gate.
 10180 | D:9      | Found a runed gate.
 10180 | D:9      | Noticed a ten-headed hydra
 10180 | D:9      | Noticed kirsanium's ghost (journeyman FoAK)
 10181 | D:9      | Found a runed gate.
 10181 | D:9      | Noticed a nine-headed hydra
 10193 | D:9      | Found a staircase to the Orcish Mines.
 10208 | Orc:1    | Entered Level 1 of the Orcish Mines
 10415 | Orc:2    | Entered Level 2 of the Orcish Mines
 10415 | Orc:2    | Noticed a two-headed ogre
 10463 | D:10     | Entered Level 10 of the Dungeon
 10571 | D:10     | Found a shattered altar of Ashenzari.
 10653 | D:10     | Reached XP level 11. HP: 76/86 MP: 24/24
 11106 | D:10     | Reached skill level 8 in Fighting
 11163 | D:10     | Reached skill level 5 in Conjurations
 11168 | D:10     | Reached **** piety under Vehumet
 11295 | D:10     | HP: 42/86 [yak (12)]
 11301 | D:10     | HP: 41/86 [yak (9)]
 11671 | D:11     | Offered knowledge of Lee's Rapid Deconstruction by Vehumet.
 11720 | D:11     | Reached skill level 10 in Spellcasting
 11840 | D:11     | Noticed a two-headed ogre
 11844 | D:11     | Noticed a brown ugly thing
 11850 | D:11     | Killed a two-headed ogre
 11858 | D:11     | Killed a brown ugly thing
 11907 | D:11     | Reached skill level 9 in Fighting
 11907 | D:11     | Reached skill level 6 in Conjurations
 11963 | D:11     | Noticed a death yak
 11969 | D:11     | HP: 33/89 [death yak (13)]
 11972 | D:11     | HP: 3/89 [death yak (19)]
 11973 | D:11     | Killed a death yak
 11973 | D:11     | HP: 1/89 [crocodile (6)]
 11998 | D:11     | HP: 15/89 [bullfrog skeleton (3)]
 12041 | D:11     | HP: 38/89 [vampire mosquito (6)]
 12047 | D:10     | HP: 33/89 [vampire mosquito (5)]
 12168 | D:11     | HP: 43/89 [vampire mosquito (7)]
 12274 | D:11     | Reached ***** piety under Vehumet
 12274 | D:11     | Offered knowledge of Freezing Cloud by Vehumet.
 12296 | D:11     | Learned a level 6 spell: Freezing Cloud
 12381 | D:11     | Noticed a two-headed ogre
 12387 | D:11     | Killed a two-headed ogre
 12433 | D:11     | Found a staircase to the Lair.
 12446 | D:11     | Reached skill level 1 in Ice Magic
 12446 | D:11     | Reached skill level 1 in Air Magic
 12501 | D:11     | Noticed a glowing orange brain
 12513 | D:11     | Killed a glowing orange brain
 12648 | D:11     | Noticed a red ugly thing
 12659 | D:11     | HP: 34/90 [red ugly thing (24)]
 12660 | D:11     | HP: 4/90 [red ugly thing (25)]
 12663 | D:11     | Killed a red ugly thing
 12667 | D:11     | Noticed Psyche
 12668 | D:11     | HP: 12/90 [yak (13)]
 12683 | D:11     | HP: 14/90 [yak (12)]
 12693 | D:10     | HP: 12/90 [yak (9)]
 12698 | D:10     | HP: 13/90 [yak (14)]
 12703 | D:10     | HP: 15/90 [yak (5)]
 12941 | D:11     | Reached skill level 2 in Ice Magic
 12941 | D:11     | Reached skill level 2 in Air Magic
 12957 | D:11     | Paralysed by something for 3 turns
 12965 | D:11     | HP: 45/90 [something (4)]
 12968 | D:11     | Killed Psyche
 13208 | Lair:1   | Entered Level 1 of the Lair of Beasts
 13222 | Lair:1   | HP: 38/90 [crocodile (10)]
 13223 | Lair:1   | Reached XP level 12. HP: 41/97 MP: 26/26
 13315 | Lair:1   | Noticed Nergalle
 13340 | Lair:1   | Killed Nergalle
 13340 | Lair:1   | Reached skill level 7 in Conjurations
 13375 | Lair:1   | HP: 46/97 [wolf (4)]
 13497 | Lair:1   | Noticed a six-headed hydra
 13504 | Lair:1   | HP: 43/97 [six-headed hydra (7)]
 13505 | Lair:1   | Reached skill level 10 in Fighting
 13505 | Lair:1   | Reached skill level 3 in Ice Magic
 13505 | Lair:1   | Reached skill level 3 in Air Magic
 13506 | Lair:1   | HP: 21/97 [six-headed hydra (11)]
 13506 | Lair:1   | HP: 9/97 [six-headed hydra (12)]
 13507 | Lair:1   | Killed a six-headed hydra
 13524 | Lair:1   | HP: 30/97 [killer bee (3)]
 13542 | Lair:1   | HP: 38/97 [killer bee (5)]
 13556 | Lair:1   | HP: 37/97 [killer bee (6)]
 13656 | Lair:1   | Found a frozen archway.
 13667 | Lair:1   | HP: 47/97 [ice devil (10)]
 13686 | Lair:1   | HP: 38/97 [ice devil (1)]
 13686 | Lair:1   | HP: 16/97 [ice devil (10)]
 13687 | Lair:1   | Slain by an ice devil

Vanquished Creatures
  Erolcha (D:9)
  3 two-headed ogres
  A death yak (D:11)
  2 ugly things (D:11)
  A cyclops (D:11)
  Psyche (D:11)
  A kobold demonologist (D:9)
  An ice devil (Lair:1)
  A troll (D:9)
  2 hippogriffs
  9 yaks
  A wyvern (D:9)
  2 vampire mosquitoes
  2 soldier ants (D:10)
  A porcupine (Lair:1)
  7 orc warriors
  3 ice beasts
  5 sky beasts
  2 black bears
  2 necrophages (D:7)
  An eye of draining (D:5)
  4 ogres
  3 wolves (Lair:1)
  3 crocodiles
  7 centaurs
  5 big kobolds
  5 bullfrogs
  3 scorpions
  14 killer bees
  9 howler monkeys
  6 wights
  2 centaur zombies
  2 crimson imps
  A quasit (D:9)
  8 orc priests
  5 hounds
  2 jellies (D:7)
  Crazy Yiuf (D:2)
  A bullfrog skeleton (D:11)
  3 iguanas
  Terence (D:2)
  12 orc wizards
  7 worker ants
  A hound zombie (D:6)
  A gnoll (D:5)
  10 adders
  3 shadow imps
  2 oozes
  An adder zombie (D:6)
  2 adder skeletons
  3 worms (D:2)
  3 dart slugs
  6 leopard geckos
  31 orcs
  4 giant cockroaches
  3 goblins
  8 hobgoblins
  9 jackals
  14 kobolds
  3 quokkas
  A ball python (D:3)
  6 bats
  4 frilled lizards
  2 leopard gecko skeletons
  3 rats
  A fungus (D:11)
  A plant (Lair:1)
275 creatures vanquished.

Vanquished Creatures (collateral kills)
  A hydra (Lair:1)
  A two-headed ogre (D:11)
  Nergalle (Lair:1)
  A glowing orange brain (shapeshifter) (D:11)
  A cyclops (D:9)
  An elephant (D:11)
  A hornet (D:10)
  A hippogriff (D:10)
  4 yaks
  Grum (D:9)
  A vampire mosquito (D:11)
  A hornet zombie (D:8)
  A phantom (D:9)
  6 wolves
  2 centaurs (D:11)
  3 bullfrogs
  A wyvern zombie (D:10)
  7 killer bees (Lair:1)
  3 howler monkeys
  A jelly (D:9)
  An orc priest (D:7)
  A bullfrog skeleton (D:9)
  An orc wizard (D:11)
  2 worker ants
  A howler monkey zombie (D:10)
  2 gnolls (D:5)
  A shadow imp (D:11)
  An ooze (D:6)
  5 orcs
  A ball python (D:3)
  A giant cockroach (D:3)
  2 kobolds
  A frilled lizard (D:3)
  A fungus (Lair:1)
60 creatures vanquished.

Vanquished Creatures (others)
  2 fungi
  A plant (D:11)
3 creatures vanquished.

Grand Total: 338 creatures vanquished

Table legend:
 A = Turns spent in this place as a percentage of turns spent in the entire game.
 B = Non-inter-level travel turns spent in this place as a percentage of non-inter-level travel turns spent in the entire game.
 C = Inter-level travel turns spent in this place as a percentage of turns spent in this place.
 D = Turns resting spent in this place as a percentage of non-inter-level travel turns spent in this place.
 E = Turns spent auto-exploring this place as a percentage of non-inter-level travel turns spent in this place.
 F = Non-inter-level travel turns spent in this place divided by the number of levels of this place that you've seen.
                   A       B       C       D       E      F
               +-------+-------+-------+-------+-------+----------------------
         Total | 100.0 | 100.0 |   4.5 |  34.7 |  45.9 | 871.7
       Dungeon |  94.5 |  94.7 |   4.3 |  34.3 |  47.1 | 1125.5
        Temple |   0.3 |   0.2 |  39.0 |   0.0 |  88.0 |  25.0
          Lair |   3.5 |   3.6 |   1.9 |  57.7 |   0.0 | 470.0
  Orcish Mines |   1.7 |   1.5 |  14.8 |   9.5 |  75.6 | 100.5
               +-------+-------+-------+-------+-------+----------------------
